 Dungeon Crawl Stone Soup version 0.20.1-1-g8b1a95d (webtiles) character file.

1048 letownia2 the Reanimator (level 8, -1/68 HPs)
             Began as a Deep Dwarf Necromancer on Nov 28, 2017.
             Was an Initiate of Gozag.
             Slain by Menkaure (18 damage)
             ... on level 6 of the Dungeon.
             The game lasted 00:10:01 (3490 turns).

letownia2 the Reanimator (Deep Dwarf Necromancer)   Turns: 3490, Time: 00:10:02

Health: -1/68      AC:  8    Str: 13    XL:     8   Next: 5%
Magic:  12/15      EV: 11    Int: 17    God:    Gozag
Gold:   139        SH:  0    Dex: 15    Spells: 12/16 levels left

rFire    . . .     SeeInvis .   a - +0 flail (holy)
rCold    . . .     Gourm    .   (no shield)
rNeg     . . .     Faith    .   m - +0 ring mail
rPois    .         Spirit   .   q - +2 helmet
rElec    .         Reflect  .   (no cloak)
rCorr    .         Harm     .   (no gloves)
MR       +....                  (no boots)
Stlth    +.........             (no amulet)
Regen    0.0/turn               r - +2 ring of dexterity
MPRegen  0.2/turn               (no ring)

@: flying, non-regenerating
A: damage resistance, heal wounds, sense surroundings 1, no regeneration
a: Heal Wounds, Potion Petition, Call Merchant, Bribe Branch, Renounce Religion


You were on level 6 of the Dungeon.
You worshipped Gozag.
Gozag was aware of your devotion.
You were not hungry.

You visited 1 branch of the dungeon, and saw 6 of its levels.

You collected 249 gold pieces.
You paid 110 gold pieces to Gozag.

Inventory:

Hand Weapons
 a - a +0 flail of holy wrath (weapon)
 p - a +0 short sword
Missiles
 l - 8 tomahawks (quivered)
Armour
 m - a +0 ring mail (worn)
 q - a +2 helmet (worn)
Jewellery
 r - a +2 ring of dexterity (left hand)
Scrolls
 d - 4 scrolls of identify {unknown}
 e - 4 scrolls of amnesia {unknown}
 g - 2 scrolls of remove curse {unknown}
 h - a scroll of fog {unknown}
 j - a scroll of enchant weapon {unknown}
Potions
 f - a potion of curing {unknown}
 i - a potion of haste {unknown}
Books
 b - a book of Necromancy

   Spells                             Type                      Level
   a - Pain                           Necromancy                   1
   b - Animate Skeleton               Necromancy                   1
   c - Vampiric Draining              Necromancy                   3
   d - Regeneration                   Charms/Necromancy            3
   e - Animate Dead                   Necromancy                   4
   f - Control Undead                 Necromancy                   4
Comestibles
 c - 4 bread rations
 n - 2 royal jellies
 o - 2 fruits
 s - 4 chunks of flesh
 t - a meat ration


   Skills:
 - Level 2.4 Fighting
 - Level 2.1 Dodging
 - Level 2.4 Stealth
 + Level 4.9 Spellcasting
 - Level 8.7 Necromancy


You had 12 spell levels left.
You knew the following spells:

 Your Spells              Type           Power        Failure   Level  Hunger
a - Pain                  Necr           ####         1%          1    None
v - Vampiric Draining     Necr           ####......   2%          3    ###....


Dungeon Overview and Level Annotations

Branches:
Dungeon (6/15)
 Temple: D:4-7

Altars:
Cheibriados
Gozag
Sif Muna
Trog
Zin

Annotations:
D:2 Robin
D:5 1 exclusion
D:6 Blork the orc, Menkaure


Innate Abilities, Weirdness & Mutations

You are resistant to damage.
You can heal yourself by infusing magical energy.
You passively map a small area around you.
You do not regenerate.


Message History

You aren't carrying any items that you can evoke.
Unknown command.
There is an open door here.
You close the door.
Menkaure calls on the powers of darkness!
Your body is wracked with pain!
* * * LOW HITPOINT WARNING * * *
Unknown command.
You aren't carrying any items that you can evoke.
Unknown command.
It was a potion of flight.
You feel very buoyant.
You fly up into the air.
You hit Menkaure but do no damage. Menkaure hits you.
Unknown command.
You hit Menkaure.
Menkaure convulses.
Menkaure is moderately damaged.
Menkaure hits you!!
You die...
Your body crumbles into a pile of gold.

................. , #._..._.# ,
.......[........ , #.......# .#
,, * #...##.##### ##.....## * +#
######...##.##..######)### .#
..........#......#......#, , .#
..........'......#......#,, ## .#
..........#......'......# .. .#
.........(#.M....#......#, ,.. .#
....(.....#..@...#......#, .. .#
..####..#####+###....###* .#
.#########).###...###....######'#
........#.......[.#........O.....
........#.........#..............
........#.........#..............
........#.....(...#..............
........#....>....#..............
..##..#..#.####...#########.....#


You could see Menkaure.

Vanquished Creatures
  A sky beast (D:6)
  An ogre (D:6)
  A scorpion (D:4)
  A howler monkey (D:4)
  A bullfrog zombie (D:6)
  2 hounds (D:4)
  2 centaur skeletons (D:4)
  A bullfrog skeleton (D:5)
  Jessica (D:2)
  A gnoll shaman (D:4)
  2 iguanas
  8 orc wizards
  3 worker ants
  A worker ant zombie (D:6)
  10 gnolls
  4 adders
  An ooze (D:6)
  An adder skeleton (D:5)
  2 dart slugs
  2 leopard geckos
  13 orcs
  A bat (D:3)
  5 giant cockroaches
  2 goblins
  4 jackals (D:5)
  A quokka (D:4)
  4 frilled lizards
  A jackal skeleton (D:4)
  2 kobolds (D:2)
79 creatures vanquished.

Notes
Turn   | Place    | Note
-------+----------+-------------------------------------------
     0 | D:1      | letownia2 the Deep Dwarf Necromancer began the quest for the Orb.
     0 | D:1      | Reached XP level 1. HP: 15/15 MP: 3/3
   190 | D:2      | Noticed Jessica
   201 | D:2      | Killed Jessica
   201 | D:2      | Reached skill level 5 in Necromancy
   201 | D:2      | Reached XP level 2. HP: 20/22 MP: 0/5
   201 | D:2      | Reached XP level 3. HP: 26/28 MP: 0/6
   276 | D:2      | Learned a level 3 spell: Vampiric Draining
   312 | D:2      | Found a snail-covered altar of Cheibriados.
   380 | D:2      | Noticed Robin
   832 | D:3      | Reached XP level 4. HP: 29/36 MP: 1/8
  1164 | D:4      | Reached XP level 5. HP: 31/42 MP: 0/9
  1288 | D:4      | Reached skill level 6 in Necromancy
  1405 | D:4      | Found a bloodstained altar of Trog.
  1839 | D:4      | Reached XP level 6. HP: 36/49 MP: 2/11
  2077 | D:4      | Reached skill level 7 in Necromancy
  2155 | D:5      | Entered Level 5 of the Dungeon
  2306 | D:5      | Reached XP level 7. HP: 47/55 MP: 3/13
  2969 | D:5      | Reached skill level 1 in Fighting
  3059 | D:6      | Reached skill level 8 in Necromancy
  3080 | D:6      | Found a deep blue altar of Sif Muna.
  3417 | D:6      | Found a glowing silver altar of Zin.
  3417 | D:6      | Found an opulent altar of Gozag.
  3422 | D:6      | Became a worshipper of Gozag Ym Sagoz the Greedy
  3442 | D:6      | Reached XP level 8. HP: 25/68 MP: 5/15
  3470 | D:6      | Noticed Blork the orc
  3472 | D:6      | Noticed Menkaure
  3490 | D:6      | Slain by Menkaure

Skill      XL: |  1  2  3  4  5  6  7 |
---------------+----------------------+-----
Spellcasting   | 2 3 4 |  4.9
Necromancy     | 5 6 7 8 |  8.7
Fighting       | 2 |  2.4
Dodging        | |  2.1
Stealth        | |  2.4

Action                   |  1- 3 |  4- 6 |  7- 9 || total
-------------------------+-------+-------+-------++-------
Melee: Unarmed           |    11 |       |       ||    11
       Short sword       |       |     4 |       ||     4
       Flail             |       |    36 |    52 ||    88
Throw: Throwing net      |     1 |       |       ||     1
 Cast: Pain              |    29 |    71 |    47 ||   147
       Vampiric Draining |     2 |    17 |    16 ||    35
  Use: Potion            |       |       |     1 ||     1
 Stab: Held in net/web   |     3 |       |       ||     3
  Eat: Chunk             |       |     7 |     4 ||    11
Armor: Ring mail         |     2 |    33 |    35 ||    70
       Robe              |     2 |       |       ||     2
Dodge: Dodged            |    14 |    65 |    44 ||   123
